 Dungeon Crawl Stone Soup version 0.20.1-1-g8b1a95d (webtiles) character file.

196 vineage the Slasher (level 5, 0/39 HPs)
             Began as a Demonspawn Gladiator on Aug 28, 2017.
             Was an Initiate of Okawaru.
             Succumbed to hilaritas's ghost's poison
             ... on level 4 of the Dungeon.
             The game lasted 00:04:25 (2532 turns).

vineage the Slasher (Demonspawn Gladiator)          Turns: 2532, Time: 00:04:26

Health: 0/39       AC:  6    Str: 14 (15) XL:     5   Next: 46%
Magic:  5/5        EV: 10    Int:  7 (9)  God:    Okawaru [......]
Gold:   201        SH:  0    Dex: 14 (15) Spells: 4/4 levels left

rFire    . . .     SeeInvis .   j - +2 spear (vamp)
rCold    + . .     Gourm    .   (no shield)
rNeg     . . .     Faith    .   p - +0 scale mail
rPois    .         Spirit   .   (helmet restricted)
rElec    .         Reflect  .   (no cloak)
rCorr    .         Harm     .   (no gloves)
MR       .....                  (no boots)
Stlth    ..........             (no amulet)
Regen    0.2/turn               (no ring)
MPRegen  0.1/turn               (no ring)

@: lethally poisoned (0 -> -15)
A: horns 1, cold resistance 1, freezing cloud immunity
a: Renounce Religion


You were on level 4 of the Dungeon.
You worshipped Okawaru.
Okawaru was noncommittal.
You were not hungry.

You visited 1 branch of the dungeon, and saw 4 of its levels.

You collected 201 gold pieces.

Inventory:

Hand Weapons
 a - a +0 long sword
 j - a +2 vampiric spear (weapon)
Missiles
 d - 3 throwing nets (quivered)
Armour
 b - a +0 leather armour
 c - a +0 helmet
 h - a +0 scale mail
 p - a +0 scale mail (worn)
Wands
 l - a wand of enslavement (13/24)
 m - a wand of clouds (4/9)
Scrolls
 g - 2 scrolls of remove curse
 i - 2 scrolls of recharging
 o - 2 scrolls of identify
 q - a scroll of teleportation {unknown}
 w - a scroll of enchant weapon {unknown}
Potions
 e - a potion of cancellation
 r - 2 potions of haste {unknown}
 s - a potion of curing {unknown}
Books
 v - a Necronomicon

   Spells                             Type                      Level
   a - Haunt                          Necromancy/Summoning         7
   b - Borgnjor's Revivification      Necromancy                   8
   c - Death's Door                   Charms/Necromancy            8
   d - Infestation                    Necromancy                   8
   e - Necromutation                  Transmutation/Necromancy     8
Comestibles
 f - 2 bread rations
 n - 4 meat rations
 t - a chunk of flesh
 u - a royal jelly


   Skills:
 + Level 2.6 Fighting
 + Level 3.4 Long Blades
 + Level 2.6 Polearms
 + Level 1.8 Throwing
 + Level 1.4 Armour
 + Level 3.4 Dodging


You had 4 spell levels left.
You didn't know any spells.

Dungeon Overview and Level Annotations

Branches:
Dungeon (4/15)
 Temple: D:4-7

Altars:
Gozag
Okawaru
Yredelemnul

Annotations:
D:4 hilaritas's ghost, amateur DEIE


Innate Abilities, Weirdness & Mutations

You have a pair of small horns on your head.
Your flesh is cold resistant. (rC+)
You are immune to freezing clouds.


Message History

Hilaritas's ghost gestures at you while chanting.
The shard of ice misses you.
You hit hilaritas's ghost. You headbutt hilaritas's ghost.
Hilaritas's ghost is lightly damaged.
You feel sick. Hilaritas's ghost hits you.
You are more poisoned.
You barely miss hilaritas's ghost.
Hilaritas's ghost is lightly damaged.
You feel sick. Hilaritas's ghost closely misses you.
You closely miss hilaritas's ghost. Your headbutt misses hilaritas's ghost.
Hilaritas's ghost is lightly damaged.
You feel sick. Hilaritas's ghost casts a spell at you.
The shard of ice hits you! You partially resist.
* * * LOW HITPOINT WARNING * * *
You are too injured to fight recklessly!
It was a potion of degeneration.
There was something very wrong with that liquid.
You feel weakened.
You feel dopey.
You feel clumsy.
You die...

#.#..#.........#
##.##.....#####.#
...##.....# #
#..##.....# #.#
#..##.....#
##....###..##.....#
...........####.### ♣♣♣
......###W#####.###....♣
#....@....##.........
######.......#......♣
####.#####....♣♣ #.#
###♣♣ #.. ####


You could see hilaritas's ghost.

Vanquished Creatures
  2 orc wizards (D:4)
  Ijyb (D:3)
  2 adders
  A gnoll (D:1)
  An ooze (D:1)
  2 worms
  2 leopard geckos
  2 orcs (D:4)
  3 ball pythons
  5 giant cockroaches
  9 goblins
  7 hobgoblins
  4 jackals (D:2)
  8 kobolds
  4 quokkas
  10 bats
  6 frilled lizards
  6 rats
75 creatures vanquished.

Notes
Turn   | Place    | Note
-------+----------+-------------------------------------------
     0 | D:1      | vineage the Demonspawn Gladiator began the quest for the Orb.
     0 | D:1      | Reached XP level 1. HP: 16/16 MP: 1/1
   156 | D:1      | Gained mutation: Your flesh is cold resistant. (rC+) [demonic ancestry]
   156 | D:1      | Reached XP level 2. HP: 12/22 MP: 2/2
   524 | D:1      | Reached XP level 3. HP: 27/27 MP: 3/3
   914 | D:2      | Found an iron altar of Okawaru.
   930 | D:2      | Became a worshipper of Warmaster Okawaru
  1586 | D:2      | Gained mutation: You have a pair of small horns on your head. [demonic ancestry]
  1586 | D:2      | Reached XP level 4. HP: 34/34 MP: 4/4
  1692 | D:2      | Reached skill level 1 in Polearms
  1692 | D:2      | Reached skill level 1 in Armour
  1977 | D:3      | Found an opulent altar of Gozag.
  2062 | D:3      | Noticed Ijyb
  2075 | D:3      | Killed Ijyb
  2348 | D:4      | Found a basalt altar of Yredelemnul.
  2384 | D:4      | Gained mutation: You are immune to freezing clouds. [demonic ancestry]
  2384 | D:4      | Reached XP level 5. HP: 39/39 MP: 5/5
  2516 | D:4      | Noticed hilaritas's ghost (amateur DEIE)
  2532 | D:4      | Succumbed to hilaritas's ghost's poison

Skill      XL: |  1  2  3  4 |
---------------+-------------+-----
Long Blades    | 3 |  3.4
Dodging        | 3 |  3.4
Polearms       | 2 |  2.6
Armour         | 1 |  1.4
Fighting       | |  2.6
Throwing       | |  1.8

Action                   |  1- 3 |  4- 6 || total
-------------------------+-------+-------++-------
Melee: Long sword        |    35 |       ||    35
       Spear             |   108 |   102 ||   210
       Headbutt          |       |    15 ||    15
  Use: Scroll            |     6 |       ||     6
       Potion            |       |     2 ||     2
  Eat: Bread ration      |     1 |       ||     1
       Chunk             |     2 |     4 ||     6
Armor: Leather armour    |     4 |       ||     4
       Scale mail        |    50 |    29 ||    79
Dodge: Dodged            |    60 |    35 ||    95
       Rpst.: Long sword |     5 |       ||     5
